 Dungeon Crawl Stone Soup version 0.21.1-1-g345015f (webtiles) character file.

5261 Lovchig the Cleaver (level 10, -5/91 HPs)
             Began as a Deep Dwarf Fighter on Mar 23, 2018.
             Was a Believer of Makhleb.
             Slain by a two-headed ogre
             ... wielding a +0 giant club
              (21 damage)
             ... on level 8 of the Dungeon.
             The game lasted 00:15:43 (5259 turns).

Lovchig the Cleaver (Deep Dwarf Fighter)            Turns: 5259, Time: 00:15:44

Health: -5/91      AC: 12    Str: 24    XL:     10   Next: 36%
Magic:  6/6        EV: 12    Int:  8    God:    Makhleb [**....]
Gold:   447        SH: 12    Dex: 12    Spells: 9/9 levels left

rFire    . . .     SeeInvis .   a - +1 war axe
rCold    . . .     Gourm    .   c - +1 shield
rNeg     . . .     Faith    .   n - +0 chain mail
rPois    .         Spirit   .   (no helmet)
rElec    .         Reflect  .   (no cloak)
rCorr    +         Harm     .   (no gloves)
MR       +....                  i - +0 pair of boots (curse)
Stlth    ..........             (no amulet)
HPRegen  0.00/turn              j - ring of resist corrosion
MPRegen  0.10/turn              t - +3 ring of evasion

@: non-regenerating
A: damage resistance, heal wounds, sense surroundings 2, no regeneration
a: Heal Wounds, Minor Destruction, Renounce Religion


You were on level 8 of the Dungeon.
You worshipped Makhleb.
Makhleb was pleased with you.
You were not hungry.

You visited 2 branches of the dungeon, and saw 9 of its levels.

You collected 447 gold pieces.

Inventory:

Hand Weapons
 a - a +1 war axe (weapon)
 g - a +4 dire flail of draining
Armour
 c - a +1 shield (worn)
 i - a cursed +0 pair of boots (worn)
 n - a +0 chain mail (worn)
Jewellery
 j - a ring of resist corrosion (left hand)
 t - a +3 ring of evasion (right hand)
 y - an uncursed ring of see invisible
Wands
 p - a wand of paralysis (8)
 w - a wand of clouds (4)
Scrolls
 l - a scroll of amnesia
 o - 3 scrolls of remove curse
 r - 2 scrolls of enchant armour
 z - a scroll of blinking
 A - a scroll of immolation {unknown}
 D - a scroll of fear {unknown}
 E - a scroll of enchant weapon
 F - a scroll of identify
Potions
 b - a potion of agility
 d - 2 potions of might
 e - 3 potions of haste
 h - a potion of brilliance
 k - a potion of invisibility {unknown}
 m - 2 potions of heal wounds {unknown}
 q - a potion of ambrosia {unknown}
 s - 2 potions of resistance {unknown}
 u - 2 potions of lignification {unknown}
 v - a potion of flight {unknown}
 B - 3 potions of magic {unknown}
 C - 2 potions of degeneration {unknown}
Comestibles
 f - 11 rations
 x - 14 chunks of flesh


   Skills:
 * Level 5.9 Fighting
 * Level 10.8 Axes
 * Level 7.8 Armour
 * Level 5.3 Dodging
 * Level 8.0 Shields


You had 9 spell levels left.
You didn't know any spells.

Dungeon Overview and Level Annotations

Branches:
Dungeon (8/15)             Temple (1/1) D:4
   Lair: D:8-11

Altars:
Ashenzari
Dithmenos
Elyvilon
Fedhas
Gozag
Hepliaklqana
Kikubaaqudgha
Makhleb
Qazlal
Vehumet
Wu Jian
Yredelemnul
Zin


Innate Abilities, Weirdness & Mutations

You are resistant to damage.
You can heal yourself by infusing magical energy.
You passively map the area around you.
You do not regenerate.


Message History

The two-headed ogre hits you with a giant club!
* * * LOW HITPOINT WARNING * * *
You block the two-headed ogre's attack.
You slash the two-headed ogre!
The two-headed ogre is severely wounded.
You block the two-headed ogre's attack. The two-headed ogre closely misses you.
You feel much better.
The two-headed ogre hits you with a giant club!
The two-headed ogre hits you with a giant club.
You hit the two-headed ogre.
The two-headed ogre is severely wounded.
Your chain mail prevents you from hitting the two-headed ogre.
The two-headed ogre is severely wounded.
You block the two-headed ogre's attack. x2
You hit the two-headed ogre.
The two-headed ogre is severely wounded.
The two-headed ogre hits you with a giant club!
* * * LOW HITPOINT WARNING * * *
The two-headed ogre hits you with a giant club!!
You die...

** , * * , * * ,, * ..#
* * ,..###########...# ,
,, * #........@O.....#
.......########....#...#
.....#.## ###..#### ,#
.....#..####...##
........#....###### *
..................#
..................#
#...).............#
#.............)...#


You could see a two-headed ogre.

Vanquished Creatures
  2 two-headed ogres (D:8)
  The ghost of ceb the Fighter, a novice DsFi (D:8)
  Pikel (D:4)
  A troll (D:8)
  Grinder (D:3)
  Eustachio (D:6)
  Menkaure (D:4)
  The ghost of TheNamelessOne the Firebug, an amateur DsFE (D:3)
  Edmund (D:4)
  A water moccasin (D:7)
  2 ice beasts
  A slave (D:4)
  A sky beast (D:7)
  2 phantoms
  3 ogres
  A centaur (D:5)
  A bullfrog (D:7)
  A wyvern zombie (D:8)
  2 scorpions
  5 wights (D:6)
  2 howler monkeys
  A crimson imp (D:6)
  A centaur zombie (D:8)
  A quasit (D:8)
  An orc priest (D:7)
  2 jellies (D:6)
  A bullfrog skeleton (D:7)
  A centaur skeleton (D:8)
  Jessica (D:2)
  An iguana (D:6)
  3 worker ants
  An orc wizard (D:6)
  A killer bee zombie (D:8)
  A hound zombie (D:5)
  A hound skeleton (D:5)
  A worker ant zombie (D:7)
  3 gnolls (D:2)
  7 adders
  2 shadow imps
  An adder zombie (D:4)
  An adder skeleton (D:7)
  A worm (D:2)
  5 dart slugs
  3 leopard geckos
  6 orcs
  3 ball pythons
  6 bats
  7 giant cockroaches
  10 goblins
  5 hobgoblins
  12 jackals
  4 quokkas
  2 frilled lizards
  A giant cockroach zombie (D:4)
  A jackal skeleton (D:3)
  6 kobolds
  A leopard gecko skeleton (D:4)
  7 rats
144 creatures vanquished.

Notes
Turn   | Place    | Note
-------+----------+-------------------------------------------
     0 | D:1      | Lovchig the Deep Dwarf Fighter began the quest for the Orb.
     0 | D:1      | Reached XP level 1. HP: 20/20 MP: 1/1
   194 | D:1      | Reached XP level 2. HP: 27/27 MP: 2/2
   288 | D:1      | You fall through a shaft!
   774 | D:2      | Found a hazy altar of Hepliaklqana.
   780 | D:2      | Reached XP level 3. HP: 27/34 MP: 3/3
  1015 | D:2      | Reached skill level 3 in Axes
  1024 | D:2      | Reached skill level 1 in Dodging
  1045 | D:2      | Reached XP level 4. HP: 23/42 MP: 4/4
  1218 | D:2      | Found a radiant altar of Vehumet.
  1396 | D:2      | Noticed Jessica
  1401 | D:2      | Killed Jessica
  1596 | D:3      | Noticed TheNamelessOne's ghost (amateur DsFE)
  1619 | D:3      | Killed TheNamelessOne's ghost
  1619 | D:3      | Reached skill level 4 in Axes
  1619 | D:3      | Reached XP level 5. HP: 30/49 MP: 5/5
  1637 | D:3      | Noticed Grinder
  1661 | D:3      | Killed Grinder
  1661 | D:3      | Reached skill level 5 in Axes
  1661 | D:3      | Reached XP level 6. HP: 27/56 MP: 6/6
  2280 | D:4      | Found a transporter.
  2281 | D:4      | Found a transporter.
  2283 | D:4      | Noticed Edmund
  2302 | D:4      | Killed Edmund
  2302 | D:4      | Reached XP level 7. HP: 30/63 MP: 7/7
  2309 | D:4      | Found a basalt altar of Yredelemnul.
  2314 | D:4      | Noticed Menkaure
  2328 | D:4      | Found a staircase to the Ecumenical Temple.
  2333 | Temple   | Entered the Ecumenical Temple
  2397 | Temple   | Became a worshipper of Makhleb the Destroyer
  2527 | D:4      | Found an ancient bone altar of Kikubaaqudgha.
  2647 | D:4      | Reached skill level 6 in Axes
  2709 | D:4      | Noticed Pikel
  2738 | D:4      | Killed Pikel
  2738 | D:4      | Reached skill level 5 in Armour
  2738 | D:4      | Reached skill level 5 in Shields
  2738 | D:4      | Reached XP level 8. HP: 40/72 MP: 8/8
  2911 | D:4      | Killed Menkaure
  2911 | D:4      | Reached skill level 7 in Axes
  3056 | D:5      | Entered Level 5 of the Dungeon
  3629 | D:6      | Reached skill level 8 in Axes
  3687 | D:6      | Reached * piety under Makhleb
  3723 | D:6      | Found a shattered altar of Ashenzari.
  3723 | D:6      | Found a stormy altar of Qazlal.
  3925 | D:6      | Gained mutation: You passively map the area around you. [Deep Dwarf growth]
  3925 | D:6      | Reached XP level 9. HP: 31/79 MP: 8/8
  4295 | D:6      | Noticed Eustachio
  4311 | D:6      | Killed Eustachio
  4399 | D:7      | Reached skill level 9 in Axes
  4519 | D:7      | Found an opulent altar of Gozag.
  4540 | D:7      | Reached skill level 5 in Fighting
  4708 | D:7      | Found an ornate altar of the Wu Jian Council.
  4864 | D:7      | Found a blossoming altar of Fedhas.
  5060 | D:8      | Noticed ceb's ghost (novice DsFi)
  5065 | D:8      | Reached ** piety under Makhleb
  5070 | D:8      | Noticed a two-headed ogre
  5070 | D:8      | Noticed a troll
  5076 | D:8      | Killed a two-headed ogre
  5076 | D:8      | Reached skill level 10 in Axes
  5096 | D:8      | Killed a troll
  5161 | D:8      | Killed ceb's ghost
  5161 | D:8      | Reached skill level 5 in Dodging
  5161 | D:8      | Reached XP level 10. HP: 58/90 MP: 6/6
  5216 | D:8      | Noticed a two-headed ogre
  5223 | D:8      | Killed a two-headed ogre
  5242 | D:8      | Noticed a two-headed ogre
  5259 | D:8      | Slain by a two-headed ogre

Skill      XL: |  1  2  3  4  5  6  7  8  9 10 |
---------------+-------------------------------+-----
Fighting       | 3 4 5 |  5.9
Axes           | 3 4 5 6 8 10 | 10.8
Dodging        | 1 2 3 5 |  5.3
Shields        | 4 5 6 7 8 |  8.0
Armour         | 4 5 6 7 |  7.8

Action                   |  1- 3 |  4- 6 |  7- 9 | 10-12 || total
-------------------------+-------+-------+-------+-------++-------
Melee: War axe           |   103 |   130 |   346 |    38 ||   617
 Abil: Heal Wounds       |       |     3 |    15 |     2 ||    20
  Use: Scroll            |     2 |     4 |     5 |       ||    11
  Eat: Chunk             |     1 |     4 |     9 |     1 ||    15
Armor: Scale mail        |    39 |       |       |       ||    39
       Chain mail        |    11 |    50 |   129 |     7 ||   197
Dodge: Dodged            |    29 |    31 |   128 |    15 ||   203
Block: Shield            |    63 |    75 |   255 |    24 ||   417
